 Dungeon Crawl Stone Soup version 0.25.1-8-g42b30a86e7 (webtiles) character file.

Game seed: 5631195401609254189

86 raphaelitos the Chopper (level 4, -2/34 HPs)
             Began as a Demonspawn Gladiator on Dec 15, 2020.
             Was an Initiate of Ashenzari.
             Slain by Robin
             ... wielding a +0 whip of pain
              (6 damage)
             ... on level 2 of the Dungeon.
             The game lasted 00:03:40 (1651 turns).

raphaelitos the Chopper (Demonspawn Gladiator)      Turns: 1651, Time: 00:03:41

Health: -2/34      AC:  5    Str: 15    XL:     4   Next: 26%
Magic:  4/4        EV: 13    Int: 10    God:    Ashenzari [......]
Gold:   41         SH:  0    Dex: 14    Spells: 3/3 levels left

rFire    . . .     SeeInvis .   a - +1 war axe
rCold    . . .     Gourm    .   (no shield)
rNeg     . . .     Faith    .   b - +1 leather armour
rPois    .         Spirit   .   c - +0 helmet
rElec    .         Reflect  .   (no cloak)
rCorr    .         Harm     .   (no gloves)
MR       .....                  (no boots)
Stlth    +.........             (no amulet)
HPRegen  0.11/turn              (no ring)
MPRegen  0.09/turn              (no ring)

@: no status effects
A: hooves 1, powered by pain 1
a: Curse Item, Renounce Religion


You were on level 2 of the Dungeon.
You worshipped Ashenzari.
Ashenzari was noncommittal.
You were not hungry.

You visited 1 branch of the dungeon, and saw 2 of its levels.

You collected 41 gold pieces.

Inventory:

Hand Weapons
 a - a +1 war axe (weapon)
Missiles
 d - 3 throwing nets (quivered)
 g - 7 poisoned darts
 i - 43 sling bullets
 m - 9 bolts
 n - 21 arrows
Armour
 b - a +1 leather armour (worn)
 c - a +0 helmet (worn)
Scrolls
 h - a scroll of enchant weapon
 j - 2 scrolls of identify
 k - 2 scrolls of remove curse
 l - a scroll of fog {unknown}
Potions
 e - a potion of haste {unknown}
Comestibles
 f - 7 rations


   Skills:
 + Level 2.4 Fighting
 + Level 3.6 Axes
 + Level 1.8 Throwing
 + Level 1.0 Armour
 + Level 3.3 Dodging
 + Level 0.6 Stealth


You had 3 spell levels left.
You didn't know any spells.
Your spell library was empty.

Dungeon Overview and Level Annotations

Branches:
Dungeon (2/15)

Altars:
Ashenzari

Annotations:
D:2 Robin


Innate Abilities, Weirdness & Mutations

You have large cloven feet.
You sometimes gain a little power by taking damage.


Message History

Robin is moderately wounded.
Robin barely misses you.
You barely miss Robin.
Robin is moderately wounded.
Robin hits you with a +0 whip of pain.
* * * LOW HITPOINT WARNING * * *
You writhe in agony.
* * * LOW HITPOINT WARNING * * *
Robin hits you with a +0 whip of pain.
* * * LOW HITPOINT WARNING * * *
You barely miss Robin. Your kick misses Robin.
Robin is moderately wounded.
Robin closely misses you.
You closely miss Robin.
Robin is moderately wounded.
Robin barely misses you.
You hit Robin but do no damage.
Robin is moderately wounded.
Robin misses you. Robin hits you with a +0 whip of pain.
You die...

##....########
#.#
.....#.......#
#.#
####...#####.#
#.#
#....<######.#
..#
#.#.)........#
..#
..#.##########
..#
###)#######
...##
#.......#
######...>..
#.......#
#...@g......
#.......#
#.####......
#.......# #.#
.....
#.......# #.#
....
###......# #.#
...
#........###.#
..
####.#####...#
. #.#####.###
#.......#


You could see Robin.

Vanquished Creatures
  A worker ant (D:2)
  An adder (D:2)
  2 leopard geckos (D:2)
  2 giant cockroaches (D:2)
  11 goblins (D:2)
  7 hobgoblins
  6 jackals (D:2)
  4 kobolds
  A quokka (D:2)
  6 bats
  3 frilled lizards
  2 rats
46 creatures vanquished.

Notes
Turn   | Place    | Note
-------+----------+-------------------------------------------
     0 | D:1      | raphaelitos the Demonspawn Gladiator began the quest for
                  | the Orb.
     0 | D:1      | Reached XP level 1. HP: 16/16 MP: 1/1
   163 | D:1      | Found a shattered altar of Ashenzari.
   179 | D:1      | Became a worshipper of Ashenzari the Shackled
   524 | D:1      | Gained mutation: You sometimes gain a little power by
                  | taking damage. [demonic ancestry]
   524 | D:1      | Reached XP level 2. HP: 22/22 MP: 2/2
   913 | D:2      | Reached XP level 3. HP: 15/28 MP: 3/3
  1317 | D:2      | Gained mutation: You have large cloven feet. [demonic
                  | ancestry]
  1317 | D:2      | Reached XP level 4. HP: 13/34 MP: 4/4
  1623 | D:2      | Noticed Robin
  1633 | D:2      | Reached skill level 1 in Armour
  1651 | D:2      | Slain by Robin

Illustrated notes

Levels and vault maps discovered:
D:1:      dpeg_arrival_ternary, layout_basic, evilmike_ruin_ashenzari
D:2:      layout_basic, uniq_robin

Skill      XL: |  1  2  3  4 |
---------------+-------------+-----
Dodging        | 3 |  3.3
Axes           | 3 |  3.6
Armour         | 1 |  1.0
Fighting       | |  2.4
Throwing       | |  1.8
Stealth        | |  0.6

Action                   |  1- 3 |  4- 6 || total
-------------------------+-------+-------++-------
Melee: War axe           |    67 |    35 ||   102
       Kick              |       |     4 ||     4
  Use: Scroll            |     5 |       ||     5
 Stab: Sleeping          |     1 |       ||     1
  Eat: Chunk             |     1 |     1 ||     2
Armor: Leather armour    |    31 |     9 ||    40
Dodge: Dodged            |    73 |    26 ||    99
